 Dungeon Crawl Stone Soup version 0.32-a0-893-gf85d74f360 (webtiles) character file.

Game seed: 16289896879834425997

109 adelrune the Ruffian (level 4, -1/33 HPs)
             Began as an Octopode Cinder Acolyte on Apr 4, 2024.
             Was a High Priest of Ignis.
             Killed from afar by Sigmund (4 damage)
             ... with a puff of flame
             ... on level 2 of the Dungeon.
             The game lasted 00:02:07 (1419 turns).

adelrune the Ruffian (Octopode Cinder Acolyte)      Turns: 1419, Time: 00:02:07

Health: -1/33      AC:  1    Str: 13    XL:     4   Next: 89%
Magic:  5/5        EV: 12    Int: 16    God:    Ignis [*****.]
Gold:   98         SH:  0    Dex:  9    Spells: 5/5 levels left

rFire   + .          .
                       - Unarmed
rCold   . . .        (no shield)
rNeg    . . .        (helmet restricted)
rPois   .            (no amulet)
rElec   .            (no ring)
rCorr   .            (no ring)
SInv    .            (no ring)
Will    .....        (no ring)
Stlth   ++           (no ring)
HPRegen 0.25/turn    (no ring)
MPRegen 0.09/turn    (no ring)
                     (no ring)

%: no passive effects
@: no status effects
A: almost no armour, amphibious, 8 rings, camouflage 1, gelatinous body 1,
(nimble swimmer 1), tentacles
a: Renounce Religion, Fiery Armour, Foxfire Swarm, Rising Flame


You were on level 2 of the Dungeon.
You worshipped Ignis.
Ignis was extremely pleased with you.
You visited 1 branch of the dungeon, and saw 2 of its levels.

You collected 98 gold pieces.

Inventory:

Jewellery
 b - a ring of ice
Scrolls
 d - a scroll of enchant armour {unknown}
Potions
 a - 2 potions of berserk rage {unknown}
 c - a potion of curing {unknown}
 e - 2 potions of cancellation {unknown}
 f - a potion of magic {unknown}


   Skills:
 + Level 3.7 Fighting
 + Level 1.9 Dodging
 * Level 4.4 Unarmed Combat
 - Level 1.0 Spellcasting
 - Level 3.0 Fire Magic


You had 5 spell levels left.
You didn't know any spells.
Your spell library contained the following spells:

 Spells                   Type           Power      Damage    Failure   Level
 Scorch                   Fire           20%        2d5       10%         2


Dungeon Overview and Level Annotations

Branches:
Dungeon (2/15)

Altars:

Annotations:
D:2 Sigmund


Innate Abilities, Weirdness & Mutations

You cannot wear most types of armour.
You are amphibious.
You can wear up to eight rings at the same time.
Your skin changes colour to match your surroundings (Stealth+).
Your rubbery body absorbs attacks. (AC +1, EV +1)
((You are camouflaged when in or above water. (Stealth+)))
You have tentacles for arms and can constrict up to eight enemies at once.


Message History

A frilled lizard comes into view.
A frilled lizard is nearby!
The helpless frilled lizard fails to defend itself.
You tentacle-slap the frilled lizard.
You kill the frilled lizard!
No target in view!
Sigmund the Dreaded comes into view.
He is wielding a +0 scythe.
Sigmund shouts!
Sigmund casts a spell at you.
You are confused.
Sigmund casts a spell at you. You resist with some effort.
Sigmund hits you with a +0 scythe!
You bump into the rock wall.
Sigmund casts a spell at you. The magic dart hits you!
You bump into the rock wall.
Sigmund hits you with a +0 scythe!
* * * LOW HITPOINT WARNING * * *
You barely miss Sigmund. You barely miss Sigmund.
Sigmund completely misses you.
You bump into the rock wall.
You feel less confused.
You closely miss Sigmund. Your grab misses Sigmund. You squeeze Sigmund!
Sigmund is moderately wounded.
Sigmund barely misses you.
You tentacle-slap Sigmund but do no damage.
Your grab misses Sigmund.
Sigmund is moderately wounded.
Sigmund hits you with a +0 scythe.
* * * LOW HITPOINT WARNING * * *
You closely miss Sigmund. Your grab misses Sigmund. You squeeze Sigmund.
Sigmund is moderately wounded.
You closely miss Sigmund. You grab Sigmund.
Sigmund is moderately wounded.
You constrict Sigmund. Sigmund gestures at you while chanting.
The puff of flame hits you. You resist.
You die...
Sigmund begins carving another notch in his scythe.
Ignis goes out, and joins you in death.

#.###.###..## ##.
##.....# ##.# #.#
#...#### #.# #..
##..# #.# #.# ##.#
#.# #.# #.# #.# ...
#.#######.# ....
#.........#########.#
.....
#.######.....@@......
......
#.######.##########.#
##.....
#..................
##....
###########........
#######..


You could see Sigmund.

Vanquished Creatures
  Terence (D:2)
  4 gnolls (D:2)
  An adder (D:2)
  A dart slug (D:2)
  6 ball pythons (D:1)
  3 endoplasms
  A giant cockroach (D:1)
  6 hobgoblins
  A quokka (D:1)
  4 bats
  3 frilled lizards
  5 goblins (D:1)
  A kobold (D:1)
  3 rats (D:1)
40 creatures vanquished.

Notes
Turn   | Place    | Note
-------+----------+-------------------------------------------
     0 | D:1      | adelrune the Octopode Cinder Acolyte began the quest for
                  | the Orb.
     0 | D:1      | Reached XP level 1. HP: 16/16 MP: 2/2
   108 | D:1      | You fall into a shaft and drop 1 floor!
   211 | D:2      | Reached XP level 2. HP: 13/21 MP: 3/3
   520 | D:1      | Reached skill level 1 in Dodging
   587 | D:1      | Reached XP level 3. HP: 26/26 MP: 4/4
   851 | D:2      | Noticed Terence
   865 | D:2      | Killed Terence
   866 | D:2      | Reached skill level 4 in Unarmed Combat
   869 | D:2      | Reached XP level 4. HP: 6/31 MP: 5/5
  1405 | D:2      | Noticed Sigmund
  1419 | D:2      | Killed from afar by Sigmund

Illustrated notes

Levels and vault maps discovered:
D:1:      dpeg_arrival_orchard, layout_basic
D:2:      layout_loops_ring, minmay_misc_feat_cross, uniq_sigmund, uniq_jessica,
          uniq_crazy_yiuf_cottage, uniq_terence

Skill      XL: |  1  2  3 |
---------------+----------+-----
Dodging        | 1 |  1.9
Unarmed Combat | 4 |  4.4
Fighting       | |  3.7
Spellcasting   | |  1.0
Fire Magic     | |  3.0

Action                     |  1- 3 |  4- 6 || total
---------------------------+-------+-------++-------
  Melee: Unarmed           |    71 |    18 ||    89
         Tentacles         |    10 |     5 ||    15
         Constrict         |    12 |     5 ||    17
         Punch             |     2 |       ||     2
   Stab: Sleeping          |     4 |     1 ||     5
 Armour: Skin              |    34 |    15 ||    49
  Dodge: Dodged            |    37 |     6 ||    43

Table legend: (Time is in decaauts)
 A = Elapsed time spent in this place.
 B = Non-inter-level travel time spent in this place.
 C = Inter-level travel time spent in this place.
 D = Time resting spent in this place.
 E = Time spent auto-exploring this place.
 F = Levels seen in this place.
 G = Mean time per level.
                   A        B        C        D        E       F      G
               +--------+--------+--------+--------+--------+-----+--------+
         Total |   1414 |   1383 |     31 |    478 |    670 |   2 |  707.0 |
       Dungeon |   1414 |   1383 |     31 |    478 |    670 |   2 |  707.0 |
               +--------+--------+--------+--------+--------+-----+--------+

Top non-repeatable levels by time:
     D:1: 791 daAuts
     D:2: 622 daAuts
